 Dungeon Crawl Stone Soup version 0.17-a0-896-g249456b (webtiles) character file.

6848 abixa the Grappler (level 10, -1/102 HPs)
             Began as a Troll Monk on May 1, 2015.
             Was a Believer of Ru.
             Slain by a tengu warrior
             ... wielding a +0 battleaxe
              (7 damage)
             ... on level 9 of the Dungeon.
             The game lasted 00:31:14 (8730 turns).

abixa the Grappler (Troll Monk)                     Turns: 8730, Time: 00:31:14

Health: -1/102     AC:  6    Str: 21    XL:     10   Next: 78%
Magic:  9/9        EV:  7    Int:  9    God:    Ru [**....]
Gold:   439        SH:  0    Dex: 12    Spells: 0 memorised, 9 levels left

rFire  + + .     SeeInvis .       - Unarmed
rCold  + . .     Clarity  .     E - +0 robe {rC+ rF+}
rNeg   . . .     SustAb   .     (no shield)
rPois  .         Gourm    +     (helmet restricted)
rElec  .         Spirit   .     s - +0 cloak
rCorr  +         Warding  .     (gloves unavailable)
rMut   .         Stasis   .     (boots unavailable)
MR     .....                    z - amulet of resist corrosion
Stlth  +.........               J - ring of protection from fire
                                (no ring)

@: about to teleport, not resistant to hostile enchantments, very unstealthy
A: unfitting armour, claws 3, fast metabolism 3, gourmand, regeneration 3,
shaggy fur 1, tough skin 2, slow reflexes 1, unskilled 1
a: Renounce Religion


You were on level 9 of the Dungeon.
You worshipped Ru.
Ru was pleased with you.
You were very full.

You visited 2 branches of the dungeon, and saw 11 of its levels.

You collected 439 gold pieces.

Inventory:

Hand weapons
 b - a +2 blowgun
 e - a cursed -2 hunting sling
 y - a +0 hunting sling
 D - a +1 trident of venom
Missiles
 c - 43 poisoned needles
 l - 335 stones (quivered)
 v - 6 tomahawks
 H - 12 steel sling bullets
 M - 3 javelins
 O - 31 sling bullets
Armour
 s - a +0 cloak (worn)
 E - a +0 robe of resistance (worn)
Jewellery
 x - an uncursed ring of teleportation
 z - an amulet of resist corrosion (around neck)
 J - a ring of protection from fire (right claw)
 K - an uncursed ring of wizardry
Magical devices
 C - a wand of fire (6)
 L - a wand of disintegration (13)
 R - a wand of magic darts (20)
Scrolls
 a - a scroll of fog {unknown}
 h - a scroll of enchant armour {unknown}
 m - 2 scrolls of recharging
 o - 4 scrolls of teleportation
 q - a scroll of immolation {unknown}
 A - a scroll of magic mapping {unknown}
 B - 3 scrolls of remove curse
 P - a scroll of blinking {unknown}
Potions
 d - 3 potions of cancellation
 f - 2 potions of heal wounds
 i - 2 potions of brilliance
 k - 2 potions of cure mutation
 n - a potion of might {unknown}
 t - 4 potions of ambrosia
 F - a potion of agility
 G - a potion of berserk rage
 I - a potion of lignification {unknown}
 N - 2 potions of curing
 S - a potion of haste {unknown}
Comestibles
 g - a royal jelly
 j - 7 meat rations
 p - 7 bread rations
 r - a beef jerky
 u - a slice of pizza
 Q - 24 fruits


   Skills:
 + Level 7.6 Fighting
 - Level 2.1 Dodging
 - Level 1.0 Stealth
 * Level 12.7 Unarmed Combat


You had 9 spell levels left.
You didn't know any spells.

Dungeon Overview and Level Annotations

Branches:
Dungeon (10/15)            Temple (1/1) D:7             Orc (0/4) D:9
   Lair: D:8-11

Altars:
Ashenzari
Cheibriados
Dithmenos
Elyvilon
Fedhas
Gozag
Kikubaaqudgha
Makhleb
Nemelex Xobeh
Okawaru
Qazlal
Ru
Sif Muna
Trog
Vehumet
Xom
Yredelemnul
Zin
The Shining One

Annotations:
D:10 Nergalle


Innate Abilities, Weirdness & Mutations

You are too large for most types of armour.
You have claws for hands.
Your metabolism is lightning-fast.
You like to eat raw meat.
You regenerate.
You are covered in fur (AC +1).
You have very tough skin (AC +2).
You have somewhat slow reflexes. (-3 EV)
You are somewhat unskilled (-1 Apt).


Message History

The tengu warrior claws you.
* * * LOW HITPOINT WARNING * * *
You scratch the tengu warrior but do no damage.
The tengu warrior is moderately wounded.
You barely miss the tengu warrior.
The tengu warrior is moderately wounded.
The tengu warrior hits you with a battleaxe!!
* * * LOW HITPOINT WARNING * * *
The tengu warrior pecks you.
* * * LOW HITPOINT WARNING * * *
The tengu warrior claws you.
* * * LOW HITPOINT WARNING * * *
Use which ability? (? or * to list)
Okay, then.
Unknown command.
Read which item? (? for menu, Esc to quit)
As you read the scroll of teleportation, it crumbles to dust.
You feel strangely unstable.
The tengu warrior hits you with a battleaxe!
You die...

.....###.##.....## ##
.................#
.#.#.###.####.##.# .#.#.#
#.# #.##.##################
##.#.# #.#
#)##...................
##.#.# #.#
#.####################.
#..#.# #.# #.# #. #.##.#
#.####.######### #) #.##[#
#.........@Q((.# #. #.##.#
#####.########.# #####.
#.##.# #.# .# #...## .....#
#.# ##.# #..... #.#### #.#
#...# #...## #.#
#[######.#.##### ##.## #.#
#..............# #.#
..##########(.............#
#.#
..bQ...........)..........#
##.##


You could see a tengu warrior (bleeding).

Vanquished Creatures
  An unseen horror (D:9)
  A hill giant (D:9)
  Maurice (D:9)
  A troll (D:9)
  2 ravens (D:9)
  A wyvern (D:9)
  Edmund (D:4)
  2 water moccasins
  2 orc warriors
  2 phantoms (D:5)
  3 sky beasts
  A black bear (D:9)
  An ice beast (D:9)
  5 centaurs
  9 ogres
  A crocodile (D:6)
  2 big kobolds
  Blork the orc (D:4)
  6 giant frogs
  3 killer bees
  A wyvern skeleton (D:6)
  3 scorpions
  6 crimson imps
  5 orc priests
  A centaur zombie (D:7)
  A giant frog skeleton (D:4)
  3 jellies
  2 quasits
  A centaur skeleton (D:5)
  4 hounds
  9 worker ants
  3 iguanas
  7 orc wizards
  A hound zombie (D:6)
  10 adders
  2 shadow imps
  An ooze (D:3)
  A worm (D:5)
  8 giant geckos
  46 orcs
  13 bats
  6 giant cockroaches
  7 goblins
  17 hobgoblins
  17 kobolds
  4 quokkas
  3 ball pythons
  A giant gecko skeleton (D:4)
  6 giant newts
  A giant spore (D:9)
  15 rats
  A ballistomycete (D:9)
252 creatures vanquished.

Vanquished Creatures (others)
  An orc warrior (D:7)
  A centaur skeleton (D:8)
2 creatures vanquished.

Grand Total: 254 creatures vanquished

Notes
Turn   | Place    | Note
--------------------------------------------------------------
     0 | D:1      | abixa, the Troll Monk, began the quest for the Orb.
     0 | D:1      | Reached XP level 1. HP: 22/22 MP: 0/0
   233 | D:1      | Reached XP level 2. HP: 29/29 MP: 1/1
   952 | D:2      | Found a shattered altar of Ashenzari.
  1081 | D:2      | Reached skill level 5 in Unarmed Combat
  1198 | D:2      | Reached XP level 3. HP: 34/36 MP: 2/2
  1695 | D:3      | Found a white marble altar of Elyvilon.
  1812 | D:3      | Reached XP level 4. HP: 44/44 MP: 3/3
  2118 | D:4      | Found a shimmering altar of Xom.
  2130 | D:4      | Noticed an ogre
  2145 | D:4      | Killed an ogre
  2145 | D:4      | Reached skill level 6 in Unarmed Combat
  2145 | D:4      | Reached XP level 5. HP: 50/50 MP: 4/4
  2223 | D:4      | Found a glowing silver altar of Zin.
  2238 | D:4      | Found a radiant altar of Vehumet.
  2239 | D:4      | Found a basalt altar of Yredelemnul.
  2243 | D:4      | Found a blossoming altar of Fedhas.
  2329 | D:4      | Found a sacrificial altar of Ru.
  2333 | D:4      | Became a worshipper of Ru the Awakened
  2347 | D:4      | Gained mutation: You are somewhat unskilled (-1 Apt). [Ru sacrifice]
  2347 | D:4      | Acquired Ru's first power
  2448 | D:4      | Reached XP level 6. HP: 57/59 MP: 5/5
  2513 | D:4      | Noticed Blork the orc
  2524 | D:4      | Killed Blork the orc
  2560 | D:4      | Found a glowing golden altar of the Shining One.
  2713 | D:4      | Noticed Edmund
  2741 | D:4      | Killed Edmund
  2741 | D:4      | Reached skill level 7 in Unarmed Combat
  2741 | D:4      | Reached XP level 7. HP: 66/68 MP: 6/6
  3109 | D:5      | Entered Level 5 of the Dungeon
  3140 | D:5      | Found a shadowy altar of Dithmenos.
  3143 | D:5      | Found a deep blue altar of Sif Muna.
  3307 | D:5      | Found an ancient bone altar of Kikubaaqudgha.
  3336 | D:5      | Reached skill level 8 in Unarmed Combat
  3336 | D:5      | Reached XP level 8. HP: 63/79 MP: 7/7
  3667 | D:6      | You fall through a shaft for 3 floors!
  3674 | D:9      | Found a staircase to the Orcish Mines.
  3752 | D:9      | Reached skill level 5 in Fighting
  3770 | D:9      | Reached skill level 9 in Unarmed Combat
  3816 | D:9      | Noticed a troll
  3843 | D:9      | Killed a troll
  3927 | D:9      | Reached XP level 9. HP: 55/88 MP: 8/8
  3983 | D:9      | HP: 3/88 [something (6)]
  3984 | D:9      | Killed an unseen horror
  3984 | D:9      | Reached skill level 10 in Unarmed Combat
  4890 | D:6      | Gained mutation: You have somewhat slow reflexes. (-3 EV) [Ru sacrifice]
  4890 | D:6      | Acquired Ru's second power
  5205 | D:6      | Reached skill level 11 in Unarmed Combat
  5765 | D:7      | Reached XP level 10. HP: 58/100 MP: 9/9
  6030 | D:7      | Found a staircase to the Ecumenical Temple.
  6043 | Temple   | Entered the Ecumenical Temple
  7505 | D:9      | Noticed a hill giant
  7540 | D:9      | Killed a hill giant
  7540 | D:9      | Reached skill level 12 in Unarmed Combat
  8028 | D:9      | Noticed a tengu warrior
  8044 | D:9      | HP: 4/102 [tengu warrior/battleaxe (4)]
  8197 | D:8      | Gained mutation: You regenerate. [potion of beneficial mutation]
  8315 | D:10     | Entered Level 10 of the Dungeon
  8467 | D:10     | Noticed Maurice
  8547 | D:9      | Killed Maurice
  8637 | D:10     | Noticed Nergalle
  8729 | D:9      | HP: 5/102 [tengu warrior/battleaxe (1)]
  8730 | D:9      | Slain by a tengu warrior

Action                   |  1- 3 |  4- 6 |  7- 9 | 10-12 || total
-------------------------+-------+-------+-------+-------++-------
Melee: Unarmed           |   124 |    78 |   290 |   224 ||   716
 Fire: Blowgun           |       |    21 |    34 |    21 ||    76
Throw: Stone             |       |       |    10 |     7 ||    17
Invok: Sacrifice Skill   |       |     1 |       |       ||     1
       Sacrifice Health  |       |       |     1 |       ||     1
       Reject Sacrifices |       |       |       |     1 ||     1
  Use: Scroll            |       |       |    12 |     8 ||    20
       Potion            |       |       |       |     1 ||     1
 Stab: Sleeping          |     1 |     1 |     1 |     2 ||     5
  Eat: Chunk             |    21 |     9 |    27 |    27 ||    84
